cohdb
Replays
Latest Replays
All Replays
Popular Replays
Top Player Replays
Match Explorer
How It Works
Community
CoH3 Stats
Reddit
Sign in to upload your games and track your stats! →
Sign in with Steam
Match 45115269
Unlisted
Match 45115269
Overview
Messages
Build Orders
End
Construct Section Command Post
Selects Indian Artillery Battlegroup
Infantry Section
Infantry Section
Infantry Section
Construct Field Infirmary
Infantry Section
Selects Valour
Selects Gurkha Rifles Section
Gurkha Rifles Section
Construct Platoon Command Post
Infantry Training
Construct Company Command Post
Grenade Package
Selects Volunteer Infantry
Infantry Section
Infantry Section
Selects Artillery Saturation
Construct Company Command Post
Selects Off-map Airburst Barrage
Gurkha Rifles Section
Crusader II Medium Tank
ConcernedApe
MYMN
el televisoro
DroningGrievous
0
0
Comments
sign in to comment!
No comments posted yet!